 Dungeon Crawl Stone Soup version 0.30.1-4-g462c640d31 (webtiles) character file.

Game seed: 18104720067448058625

2783 H0rd4k the Martial Artist (level 9, -10/58 HPs)
             Began as an Octopode Artificer on Aug 17, 2023.
             Was an Initiate of Gozag.
             Mangled by an orc warrior
             ... wielding a +0 glaive
              (13 damage)
             ... on level 7 of the Dungeon.
             The game lasted 00:09:10 (6377 turns).

H0rd4k the Martial Artist (Octopode Artificer)      Turns: 6377, Time: 00:09:10

Health: -10/58     AC:  1    Str: 12    XL:     9   Next: 70%
Magic:  9/9        EV: 16    Int: 17    God:    Gozag
Gold:   814        SH:  0    Dex: 18    Spells: 8/8 levels left

rFire   . .          .
                       - Unarmed
rCold   . . .        (no shield)
rNeg    . . .        (helmet restricted)
rPois   .            x - amulet of regeneration
rElec   .            (no ring)
rCorr   .            z - ring of see invisible
SInv    +            B - +6 ring of dexterity
Will    .....        (no ring)
Stlth   +++          (no ring)
HPRegen 1.09/turn    (no ring)
MPRegen 0.11/turn    (no ring)
                     (no ring)

%: no passive effects
@: no status effects
A: almost no armour, amphibious, 8 rings, camouflage 1, gelatinous body 1,
(nimble swimmer 1), tentacles
a: Renounce Religion, Potion Petition, Call Merchant, Bribe Branch


You were on level 7 of the Dungeon.
You worshipped Gozag.
Gozag was pleased with you.
You visited 2 branches of the dungeon, and saw 8 of its levels.
You also visited: Sewer.

You collected 879 gold pieces.
You paid 65 gold pieces to Gozag.

Inventory:

Hand Weapons
 w - a +2 short sword of flaming
Missiles
 u - 3 throwing nets
 v - 20 poisoned darts (quivered)
Jewellery
 d - the ring of Lynaul {rC+ rN+}
   (You found it on level 6 of the Dungeon)

   [ring of positive energy]

   rC:        It protects you from cold.
   rN:        It protects you from negative energy.
 s - an amulet of faith
 t - a ring of ice
 x - an amulet of regeneration (around mantle)
 z - a ring of see invisible (right tentacle)
 B - a +6 ring of dexterity (on tentacle)
Scrolls
 e - a scroll of poison
 f - 2 scrolls of identify
 g - 2 scrolls of vulnerability
 h - a scroll of amnesia
 j - 3 scrolls of teleportation
 k - a scroll of fog
 l - 4 scrolls of blinking
 o - 3 scrolls of immolation
 r - a scroll of summoning
 y - a scroll of enchant armour
Potions
 a - 2 potions of degeneration {unknown}
 b - 4 potions of flight
 i - a potion of lignification {unknown}
 m - 2 potions of curing
 n - a potion of haste {unknown}
 p - a potion of attraction {unknown}
 q - a potion of magic {unknown}
 A - a potion of invisibility {unknown}


   Skills:
 + Level 4.3 Fighting
 + Level 0.3 Throwing
 + Level 6.1 Dodging
 - Level 1.3 Stealth
 + Level 9.6 Unarmed Combat
 + Level 6.4 Evocations


You had 8 spell levels left.
You didn't know any spells.
Your spell library contained the following spells:

 Spells                   Type           Power      Damage    Failure   Level
 Magic Dart               Conj           0%         1d3       24%         1
 Call Imp                 Summ           0%         N/A       34%         2
 Call Canine Familiar     Summ           0%         N/A       56%         3
 Mephitic Cloud           Conj/Pois/Air  0%         N/A       56%         3
 Portal Projectile        Hex/Tloc       0%         N/A       56%         3
 Leda's Liquefaction      Hex/Erth       0%         N/A       93%         4


Dungeon Overview and Level Annotations

Branches:
Dungeon (7/15)             Temple (1/1) D:4           Sewer (visited)

Altars:
Ashenzari
Elyvilon
Gozag
Makhleb
Okawaru
Qazlal
Ru
Sif Muna
Trog
Uskayaw
Vehumet
Xom
The Shining One

Shops:
D:3 =   D:7 (


Innate Abilities, Weirdness & Mutations

You cannot wear most types of armour.
You are amphibious.
You can wear up to eight rings at the same time.
Your skin changes colour to match your surroundings (Stealth+).
Your rubbery body absorbs attacks. (AC +1, EV +1)
((You are camouflaged when in or above water. (Stealth+)))
You have tentacles for arms and can constrict up to eight enemies at once.


Message History

You tentacle-slap the orc warrior.
The orc warrior is lightly wounded.
You constrict the orc warrior, but do no damage.
The orc warrior misses you.
You tentacle-slap the orc warrior.
The orc warrior is moderately wounded.
You constrict the orc warrior. The orc warrior misses you.
You tentacle-slap the orc warrior but do no damage.
The orc warrior is moderately wounded.
You constrict the orc warrior. You tentacle-slap the orc warrior.
The orc warrior is heavily wounded.
You constrict the orc warrior, but do no damage.
The orc warrior hits you with a +0 glaive!
* * * LOW HITPOINT WARNING * * *
You bludgeon the orc warrior!
You tentacle-slap the orc warrior, but do no damage.
You squeeze the orc warrior, but do no damage.
The orc warrior is severely wounded.
You constrict the orc warrior.
The orc warrior hits you with a +0 glaive.
* * * LOW HITPOINT WARNING * * *
You feel better.
You constrict the orc warrior, but do no damage.
The orc warrior hits you with a +0 glaive!
* * * LOW HITPOINT WARNING * * *
Aiming: Charm
Press: ? - help, Shift-Dir - straight line, f - orc warrior
Aim: an orc warrior, wielding a +0 glaive and wearing a +0 chain mail (severely wounded, constricted by you, chance to affect: 64%)
The orc warrior struggles to resist.
The now-empty wand crumbles to dust.
You constrict the orc warrior, but do no damage.
The orc warrior hits you with a +0 glaive!
* * * LOW HITPOINT WARNING * * *
You aren't carrying any items that you can evoke.
You remove the ring of Lynaul {rC+ rN+}.
You constrict the orc warrior, but do no damage.
A wraith comes into view.
The orc warrior hits you with a +0 glaive!
You die...
Your body crumbles into a pile of gold.

##.#.##
##....
$
##.#.#
##...
##.#.##
#...
##.#.##
#####..
##.#.##
#.....#
##.#.##
#.###.#
##.#.##
#.#
#W#.##
#.#
#@##
#..
#o##
..#####
#.#
.....z$
##
...zz..
..#####


You could see a wraith and an orc warrior.

Vanquished Creatures
  Grinder (D:5)
  A hornet (D:6)
  A water moccasin (D:6)
  A sky beast (D:7)
  4 black bears
  3 ogres
  A centaur (D:6)
  3 kobold brigands
  2 bullfrogs
  2 scorpions (D:5)
  5 wights (D:7)
  3 hounds
  An orc priest (D:5)
  5 iguanas
  Ijyb (D:3)
  Natasha (D:2)
  A sleepcap (D:6)
  2 orc wizards (D:5)
  5 gnolls (D:6)
  5 adders
  A river rat (Sewer)
  A white imp (D:5)
  4 dart slugs
  3 orcs
  9 endoplasms
  7 giant cockroaches
  5 goblins
  9 hobgoblins
  A jackal (Sewer)
  10 kobolds
  3 quokkas
  3 ball pythons
  6 bats
  2 frilled lizards
  14 rats
126 creatures vanquished.

Vanquished Creatures (collateral kills)
  An ogre (D:6)
  A scorpion (D:6)
  2 iguanas
  3 orcs
  A hobgoblin (D:4)
  3 kobolds (D:5)
  A frilled lizard (D:3)
  2 rats
14 creatures vanquished.

Vanquished Creatures (others)
  A gnoll sergeant (D:6)
  A scorpion (D:6)
  A rat (D:1)
  A butterfly (D:5)
4 creatures vanquished.

Grand Total: 144 creatures vanquished

Notes
Turn   | Place    | Note
-------+----------+-------------------------------------------
     0 | D:1      | H0rd4k the Octopode Artificer began the quest for the Orb.
     0 | D:1      | Reached XP level 1. HP: 13/13 MP: 1/1
    85 | D:1      | Reached XP level 2. HP: 13/18 MP: 2/2
   516 | D:1      | Reached XP level 3. HP: 18/23 MP: 3/3
   827 | D:2      | HP: 1/23 [rat (3)]
  1209 | D:2      | Noticed Natasha
  1214 | D:2      | Reached skill level 1 in Unarmed Combat
  1217 | D:2      | Killed Natasha
  1218 | D:2      | Reached XP level 4. HP: 25/28 MP: 4/4
  1626 | D:3      | Noticed Ijyb
  1833 | D:3      | Reached skill level 2 in Unarmed Combat
  1879 | D:3      | Killed Ijyb
  1880 | D:3      | Reached XP level 5. HP: 18/33 MP: 5/5
  2003 | D:3      | Found a bloodstained altar of Trog.
  2175 | D:3      | Found Aneykh's Jewellery Emporium.
  2485 | D:4      | Noticed an ogre
  2820 | D:4      | Found a burning altar of Makhleb.
  2822 | D:4      | Found a hide-covered altar of Uskayaw.
  2848 | D:4      | Killed an ogre
  2849 | D:4      | Reached skill level 3 in Unarmed Combat
  2849 | D:4      | Reached XP level 6. HP: 32/39 MP: 6/6
  3339 | D:4      | Found a staircase to the Ecumenical Temple.
  3339 | D:4      | Identified the +1 robe of the Northern Lights {Int+3 Dex+4}
  3437 | D:4      | Found a shimmering blue altar of Sif Muna.
  3564 | Temple   | Entered the Ecumenical Temple
  3613 | Temple   | Became a worshipper of Gozag Ym Sagoz the Greedy
  3635 | D:5      | Entered Level 5 of the Dungeon
  3955 | D:5      | Noticed a black bear
  3962 | D:5      | HP: 1/39 [black bear (8)]
  3999 | D:5      | Reached skill level 4 in Unarmed Combat
  4033 | D:5      | Found a glowing drain.
  4058 | Sewer    | Entered a sewer
  4137 | Sewer    | Reached skill level 5 in Evocations
  4259 | Sewer    | Reached XP level 7. HP: 29/45 MP: 7/7
  4454 | Sewer    | Found a white marble altar of Elyvilon.
  4633 | D:5      | Reached skill level 5 in Unarmed Combat
  4637 | D:5      | Noticed Grinder
  4697 | D:5      | Killed Grinder
  4698 | D:5      | Reached skill level 6 in Unarmed Combat
  4698 | D:5      | Reached XP level 8. HP: 43/51 MP: 8/8
  4785 | D:5      | Found a white marble altar of Elyvilon.
  4798 | D:5      | Reached skill level 5 in Dodging
  5157 | D:5      | Reached skill level 7 in Unarmed Combat
  5422 | D:6      | Noticed a hornet
  5543 | D:6      | Reached skill level 8 in Unarmed Combat
  5543 | D:6      | Reached XP level 9. HP: 57/57 MP: 9/9
  5564 | D:6      | Killed a hornet
  5583 | D:6      | Identified the ring of Lynaul {rC+ rN+}
  5995 | D:6      | Reached skill level 9 in Unarmed Combat
  6229 | D:7      | Found Letzeje's Weapon Shoppe.
  6376 | D:7      | HP: 2/58 [orc warrior/+0 glaive (12)]
  6377 | D:7      | Mangled by an orc warrior

Illustrated notes

Levels and vault maps discovered:
D:1:      kennysheep_arrival_forest, layout_rooms
D:2:      layout_basic, grunt_ministairs_6, uniq_natasha
D:3:      layout_loops_ring, mainiacjoe_overflow_small_starburst, serial_shops,
          nicolae_shop_trees, uniq_ijyb
D:4:      layout_basic, overflow_temple_1_default, lemuel_round_altar,
          mainiacjoe_overflow_surrounded_room, minmay_temple_entry_junction,
          kennysheep_minor_cross, chequers_serial_rivers_micro_a
D:5:      cheibrodos_thug_alley, layout_loops_ring,
          nicolae_elyvilon_peaceful_grove, portal_sewer_entry_a, uniq_grinder
D:6:      layout_rooms, minmay_misc_feat_plants
D:7:      minmay_inner_zag, layout_basic, minitemple,
          nicolae_overflow_hidden_temple, serial_shops, shop,
          nicolae_shop_rolling_square, shop, lemuel_flamethrower_2
Temple:   eino_wide_crystal_templ

Skill      XL: |  1  2  3  4  5  6  7  8  9 |
---------------+----------------------------+-----
Dodging        | 3 4 5 6 |  6.1
Evocations     | 4 5 6 |  6.4
Unarmed Combat | 1 2 3 4 6 8 9 |  9.6
Fighting       | 2 3 4 |  4.3
Throwing       | |  0.3
Stealth        | |  1.3

Action                     |  1- 3 |  4- 6 |  7- 9 || total
---------------------------+-------+-------+-------++-------
  Melee: Unarmed           |    74 |   136 |   150 ||   360
         Constrict         |    22 |    34 |    29 ||    85
         Tentacles         |    17 |    25 |    40 ||    82
         Punch             |     1 |     5 |    12 ||    18
  Throw: Dart              |       |       |     3 ||     3
  Evoke: Wand              |     8 |    21 |    16 ||    45
    Use: Scroll            |       |     3 |     6 ||     9
         Potion            |       |     1 |     3 ||     4
   Stab: Sleeping          |     7 |     5 |     3 ||    15
         Distracted        |       |     1 |     2 ||     3
 Armour: Skin              |    14 |    10 |     5 ||    29
  Dodge: Dodged            |    44 |    94 |   107 ||   245
